 Dungeon Crawl Stone Soup version 0.32-a0-306-gfed3edf829 (webtiles) character file.

Game seed: 1476568842927633316

34 Bravepunisher the Ducker (level 3, 0/19 HPs)
             Began as a Spriggan Monk on Feb 15, 2024.
             Slain by a phantom (5 damage)
             ... on level 4 of the Dungeon.
             The game lasted 00:02:44 (346 turns).

Bravepunisher the Ducker (Spriggan Monk)             Turns: 346, Time: 00:02:45

Health: 0/19       AC:  2    Str: 10    XL:     3   Next: 14%
Magic:  4/4        EV: 20    Int: 11    God:
Gold:   0          SH:  0    Dex: 19    Spells: 2/2 levels left

rFire   . . .        d - +1 short sword "Gycsainiq" {venom, Str+3}
rCold   . . .        (no shield)
rNeg    . . .        b - +0 robe
rPois   .            (helmet restricted)
rElec   .            (no cloak)
rCorr   .            (gloves unavailable)
SInv    +            (boots unavailable)
Will    .....        (no amulet)
Stlth   ++           (no ring)
HPRegen 0.23/turn    (no ring)
MPRegen 0.09/turn

%: no passive effects
@: very quick
A: very small, no large weapons, unfitting armour, see invisible, speed 3
a: no special abilities


You were on level 4 of the Dungeon.
You visited 1 branch of the dungeon, and saw 6 of its levels.

Inventory:

Hand Weapons
 d - the +1 short sword "Gycsainiq" (weapon) {venom, Str+3}
   (You found it on level 2 of the Dungeon)

   Str+3:     It affects your strength (+3).
Armour
 b - a +0 robe (worn)
Wands
 e - a wand of flame (27)
Scrolls
 a - 2 scrolls of noise {unknown}
Potions
 c - a potion of ambrosia


   Skills:
 + Level 2.8 Fighting
 - Level 3.2 Short Blades
 * Level 5.2 Dodging


You had 2 spell levels left.
You didn't know any spells.
Your spell library was empty.

Dungeon Overview and Level Annotations

Branches:
Dungeon (6/15)
 Temple: D:4-7

Altars:


Innate Abilities, Weirdness & Mutations

You are very small and have problems with some larger weapons.
You are too small for most types of armour.
You have supernaturally acute eyesight. (SInv)
You cover ground extremely quickly. (Speed+++)


Message History

You hit the orc.
The orc is poisoned.
The orc is heavily wounded.
The orc completely misses you.
You barely miss the orc.
The orc is heavily wounded.
You barely miss the orc.
The orc is heavily wounded.
You kill the orc!
The orc wizard points at you and mumbles some strange words.
The puff of flame hits you.
A bombardier beetle comes into view.
Unknown command.
The orc wizard gestures wildly while chanting.
The orc wizard flickers and vanishes for a moment.
You hit the phantom.
The phantom is lightly damaged.
The phantom completely misses you.
You hit the phantom.
The phantom is moderately damaged.
The phantom closely misses you.
You hit the phantom.
The phantom is heavily damaged.
The phantom barely misses you.
You hit the phantom.
The phantom is severely damaged.
The phantom barely misses you.
You barely miss the phantom.
The phantom is severely damaged.
The phantom closely misses you.
You miss the phantom.
The phantom is severely damaged.
You hit the phantom.
The phantom is severely damaged.
The phantom hits you!
* * * LOW HITPOINT WARNING * * *
Unknown command.
You hit the phantom but do no damage.
The phantom is severely damaged.
The phantom hits you.
You die...

## .. #. #.
#. #.
###.##B####
......oW@>#
#.#..######
... .


You could see a phantom, a bombardier beetle and an orc wizard (invisible).

Vanquished Creatures
  An orc wizard (D:4)
  An adder (D:3)
  2 orcs
  2 bats
  A hobgoblin (D:3)
  2 kobolds
  A ball python (D:4)
  A rat (D:2)
11 creatures vanquished.

Notes
Turn   | Place    | Note
-------+----------+-------------------------------------------
     0 | D:1      | Bravepunisher the Spriggan Monk began the quest for the
                  | Orb.
     0 | D:1      | Reached XP level 1. HP: 11/11 MP: 2/2
    89 | D:2      | Identified the +1 short sword "Gycsainiq" {venom, Str+3}
   172 | D:3      | Reached XP level 2. HP: 16/16 MP: 3/3
   210 | D:3      | You fall into a shaft and drop 3 floors!
   213 | D:6      | Noticed a phantom
   228 | D:6      | Reached skill level 5 in Dodging
   230 | D:5      | Entered Level 5 of the Dungeon
   230 | D:5      | Noticed a bombardier beetle
   247 | D:5      | Noticed a scorpion
   333 | D:4      | Noticed a phantom
   335 | D:4      | Reached XP level 3. HP: 11/19 MP: 4/4
   346 | D:4      | Slain by a phantom

Illustrated notes

Levels and vault maps discovered:
D:1:      minmay_arrival_plants_in_alcoves, layout_basic, serial_shops,
          nicolae_shop_tiny_waterfront
D:2:      layout_basic, grunt_decor_mini_mirrors
D:3:      minmay_goblin_kobold_castle, layout_basic
D:4:      layout_basic, fedhas_altar_fruit_tree, lemuel_crystal_altar,
          regret_index_xom_buried_treasure, hangedman_abyss_or_decor_stagger,
          uniq_sigmund
D:5:      layout_loops_ring, mainiacjoe_overflow_concentric_impassable,
          minmay_temple_entry_trees, serial_shops, shop
D:6:      layout_basic, lightli_temple_of_fire,
          mainiacjoe_overflow_six_doors_small, nicolae_ossuary_entry_giza,
          gammafunk_ghost_arena, uniq_eustachio, uniq_grinder

Skill      XL: |  1  2 |
---------------+-------+-----
Dodging        | 5 |  5.2
Fighting       | |  2.8
Short Blades   | |  3.2

Action                     || total
---------------------------++-------
  Melee: Short sword       ||    46
 Armour: Robe              ||    14
  Dodge: Dodged            ||    37

Table legend: (Time is in decaauts)
 A = Elapsed time spent in this place.
 B = Non-inter-level travel time spent in this place.
 C = Inter-level travel time spent in this place.
 D = Time resting spent in this place.
 E = Time spent auto-exploring this place.
 F = Levels seen in this place.
 G = Mean time per level.
                   A        B        C        D        E       F      G
               +--------+--------+--------+--------+--------+-----+--------+
         Total |    226 |    226 |      0 |      0 |     45 |   6 |   37.7 |
       Dungeon |    226 |    226 |      0 |      0 |     45 |   6 |   37.7 |
               +--------+--------+--------+--------+--------+-----+--------+

Top non-repeatable levels by time:
     D:2: 69 daAuts
     D:5: 54 daAuts
     D:3: 41 daAuts
     D:1: 24 daAuts
     D:4: 21 daAuts
     D:6: 14 daAuts
